Map: Shrines of Lizul

Players

MonstroTown

  • Race: Terran Terran
  • Spawn Location: 3:00

Michael

  • Race: Zerg Zerg
  • League: Gold
  • Spawn Location: 12:00

Sophisticake - Winner!

  • Race: Protoss Protoss
  • Spawn Location: 6:00

MikePence - Winner!

  • Race: Protoss Protoss
  • Spawn Location: 9:00

VOD

Have the link to the VOD?

Description

Time

  • Played on: Oct. 7, 2018, 1:15 a.m.
  • Length: 15:07
Show
View Real Time Build Order
Export as new Build Order

MonstroTown Terran 

Build Orders:  

Get SALT Encoding   

  12  0:01  SCV  
  13  0:13  SCV  
  14  0:18  Supply Depot  
  14  0:25  SCV  
  15  0:40  SCV  
  15  0:41  Barracks  
  16  0:52  SCV  
  16  0:55  Barracks  
  17  1:08  Supply Depot  
  17  1:10  SCV  
  18  1:19  Barracks  
  18  1:23  SCV  
  19  1:28  Marine  
  20  1:39  Barracks  
  20  1:45  Marine  
  21  1:50  Marine  
  22  2:00  Orbital Command  
  22  2:09  Marine x3  
  25  2:23  Supply Depot  
  25  2:25  Marine  
  25  2:26  Marine  
  25  2:29  Marine  
  27  2:30  Marine  
  28  2:49  Marine  
  28  2:50  Marine x3  
  32  2:54  Supply Depot  
  32  3:07  Marine x2  
  33  3:25  Marine  
  33  3:26  Marine x3  
  28  3:43  Marine  
  28  3:44  Marine x2  
  28  3:47  Marine  
  32  3:52  Command Center  
  32  4:01  Marine x2  
  34  4:13  Marine  
  34  4:14  Marine  
  36  4:18  Refinery  
  36  4:19  SCV, Refinery  
  36  4:21  Marine x2  
  39  4:29  Bunker  
  39  4:38  Marine  
  32  5:15  Marine x4  
  32  5:16  Engineering Bay  
  32  5:18  SCV  
  37  5:22  SCV  
  38  5:32  Marine  
  38  5:33  Marine  
  38  5:34  Marine  
  40  5:52  Missile Turret  
  40  6:01  Missile Turret  
  40  6:20  SCV x2  
  42  6:32  SCV  
  36  6:51  Marine x4  
  37  6:59  Factory  
  37  7:03  Orbital Command  
  37  7:04  SCV  
  38  7:08  Marine  
  38  7:09  Marine  
  40  7:16  SCV  
  40  7:21  Barracks Tech Lab x2  
  41  7:24  Terran Infantry Weapons Level 1  
  41  7:29  SCV  
  42  7:34  SCV  
  43  7:41  SCV  
  44  7:46  SCV  
  44  7:47  Marauder, Marine  
  44  7:49  Factory Tech Lab  
  48  7:53  SCV  
  48  7:58  SCV  
  50  8:04  Starport  
  50  8:05  SCV  
  51  8:10  SCV  
  51  8:27  Missile Turret  
  51  8:28  Supply Depot  
  51  8:30  Siege Tank  
  51  8:33  SCV x2  
  56  8:39  Stimpack, Combat Shields  
  56  8:42  Marine x2  
  56  8:45  SCV x2  
  60  8:57  SCV x2  
  60  8:59  Medivac  
  64  9:09  SCV  
  66  9:10  SCV, Supply Depot  
  66  9:21  SCV  
  66  9:22  SCV  
  68  9:25  Marine x2  
  70  9:31  Marine x2  
  70  9:32  Siege Tank, Supply Depot x2  
  70  9:33  SCV  
  70  9:35  SCV  
  70  9:37  Refinery  
  77  9:39  Refinery  
  77  9:43  Marine  
  78  9:53  SCV, Medivac  
  53  10:11  Marine x4  
  56  10:29  Marauder, Marine x2  
  56  10:30  Marauder  
  62  10:36  Barracks  
  62  10:37  Barracks  
  62  10:38  Barracks  
  62  10:39  Barracks x2  
  62  10:40  Barracks  
  62  10:41  Siege Tank  
  65  10:44  Medivac  
  65  10:46  Marine x2  
  65  10:49  Terran Infantry Armor Level 1  
  69  10:51  SCV x2  
  71  11:03  SCV x2, Marine  
  74  11:05  Barracks Reactor  
  74  11:18  Starport Tech Lab, Starport  
  74  11:31  Missile Turret  
  74  11:32  Marine x2  
  74  11:33  Barracks Reactor x2  
  74  11:34  Barracks Reactor x3  
  74  11:36  Marine x2  
  78  11:50  Marine x2  
  80  11:55  Marine x2  
  80  11:56  Marine x2  
  80  11:57  Siege Tank  
  87  12:08  Marine x2  
  89  12:17  Marine x5  
  94  12:36  Marine x7  
  101  12:37  Supply Depot  
  101  12:38  Supply Depot  
  101  12:57  Marine  
  101  12:58  Marine x2  
  102  13:05  Marine x2  
  102  13:06  Marine x6  
  93  13:18  Marine x2  
  93  13:19  Marine x6  
  80  13:21  Medivac  
  80  13:23  Marine x3  
  64  13:37  Marine x5  
  64  13:38  Marine  
  68  13:45  Marine x4  
  68  13:48  Marine  
  38  13:59  Marine x2  
  29  14:27  Siege Tank  
  32  14:34  Marine  
  30  14:44  Marine x2  
Show
View Real Time Build Order
Export as new Build Order

Michael Zerg 

Build Orders: Pool First, Swarm Host 

Get SALT Encoding   

  12  0:01  Drone  
  13  0:13  Overlord  
  13  0:18  Drone  
  14  0:31  Drone x2  
  14  0:35  Drone  
  17  0:41  Extractor  
  16  0:45  Drone  
  17  0:53  Spawning Pool  
  17  0:56  Drone  
  17  1:10  Drone  
  18  1:42  Drone  
  18  1:44  Roach Warren  
  18  1:45  Queen  
  20  1:47  Metabolic Boost  
  20  1:49  Zergling x4  
  22  2:31  Hatchery  
  21  2:38  Overlord x2  
  21  2:51  Overlord  
  23  2:59  Lair  
  21  3:10  Zergling x8  
  23  3:44  Drone  
  23  3:45  Drone x3  
  23  3:46  Queen  
  29  4:00  Glial Reconstitution  
  29  4:06  Drone, Hydralisk Den  
  29  4:07  Drone  
  29  4:08  Drone x2  
  32  4:12  Queen  
  32  4:16  Drone  
  35  4:25  Zergling x2  
  36  4:32  Extractor  
  36  4:38  Spore Crawler  
  34  4:41  Spore Crawler  
  34  4:45  Hydralisk x3  
  39  5:01  Drone x2  
  39  5:02  Drone  
  39  5:04  Drone x2  
  39  5:05  Drone  
  45  5:27  Roach x3  
  51  5:30  Overlord x2  
  51  5:39  Muscular Augments  
  51  5:42  Drone  
  52  5:57  Hydralisk x3  
  53  6:05  Roach  
  53  6:06  Roach  
  53  6:09  Overlord  
  57  6:26  Drone x6, Evolution Chamber  
  57  6:27  Drone  
  63  6:34  Roach  
  63  6:38  Zergling x2  
  60  6:50  Hydralisk x4  
  66  6:55  Hydralisk  
  66  7:00  Roach  
  70  7:17  Drone x5  
  75  7:31  Infestation Pit  
  74  7:39  Burrow  
  74  7:43  Extractor  
  74  7:44  Extractor  
  72  7:50  Queen  
  74  7:59  Overlord x3  
  74  8:00  Overlord  
  74  8:03  Grooved Spines  
  74  8:04  Hatchery  
  73  8:07  Drone  
  73  8:08  Drone  
  75  8:13  Drone  
  75  8:17  Hydralisk x2  
  75  8:19  Hydralisk  
  82  8:21  Zergling x12  
  88  8:38  Zerg Ground Armor Level 1  
  88  8:44  Hydralisk x2  
  92  8:49  Roach x2  
  92  8:51  Roach  
  98  9:12  Swarm Host x2  
  98  9:15  Swarm Host  
  98  9:16  Swarm Host  
  113  9:23  Drone  
  114  9:59  Queen  
  105  10:18  Hydralisk x3  
  105  10:19  Hydralisk  
  111  10:28  Swarm Host  
  114  10:31  Overlord x2  
  114  10:32  Overlord x3  
  114  10:35  Hive  
  114  10:38  Spire  
  113  11:05  Hydralisk x4  
  117  11:12  Overseer  
  117  11:15  Overseer x2  
  117  11:16  Overseer  
  117  11:21  Spore Crawler x2  
  117  11:22  Spine Crawler x2  
  117  11:24  Spore Crawler  
  117  11:25  Drone x6, Spine Crawler  
  117  11:26  Drone  
  117  11:28  Drone x3  
  121  11:34  Spore Crawler  
  120  11:49  Hydralisk x6  
  130  12:06  Hydralisk x5  
  138  12:18  Drone x3  
  138  12:20  Swarm Host  
  153  12:25  Greater Spire  
  111  12:58  Swarm Host  
  111  13:03  Zergling x14  
  111  13:04  Zergling x2  
  94  13:23  Hydralisk x5  
  99  14:02  Hydralisk x9  
  83  14:05  Zergling x18  
  107  14:22  Hydralisk x3  
Show
View Real Time Build Order
Export as new Build Order

Sophisticake Protoss - Winner!

Build Orders: Oracle Opening 

Get SALT Encoding   

  12  0:01  Probe  
  13  0:13  Probe  
  14  0:19  Pylon  
  14  0:25  Probe  
  15  0:34  Probe  
  15  0:39  Gateway  
  15  0:42  Probe  
  16  0:47  Assimilator  
  17  0:53  Probe  
  18  0:59  Assimilator  
  18  1:05  Probe  
  19  1:17  Probe  
  20  1:27  Cybernetics Core  
  20  1:30  Probe, Pylon  
  21  1:42  Probe  
  22  1:54  Warp Gate, Probe  
  23  2:03  Stargate  
  23  2:05  Adept  
  25  2:11  Gateway  
  25  2:16  Gateway  
  25  2:25  Pylon  
  25  2:34  Adept  
  27  2:37  Oracle  
  27  2:48  Shield Battery  
  28  2:53  Adept  
  28  2:55  Shield Battery  
  27  3:37  Oracle  
  26  3:41  Shield Battery  
  26  3:42  Shield Battery  
  26  3:56  Adept x2  
  26  3:57  Sentry  
  26  4:02  Probe  
  33  4:10  Oracle  
  36  4:43  Probe  
  37  4:52  Nexus  
  37  5:02  Pylon  
  37  5:15  Probe  
  37  5:20  Adept  
  37  5:21  Adept x2  
  44  5:27  Probe  
  45  5:31  Pylon  
  45  5:39  Probe  
  46  5:48  Twilight Council  
  46  5:51  Probe  
  47  6:03  Probe  
  48  6:07  Sentry x3  
  48  6:09  Probe  
  55  6:12  Pylon  
  55  6:15  Probe  
  56  6:21  Probe  
  57  6:28  Probe  
  55  6:32  Pylon  
  55  6:33  Probe  
  55  6:35  Pylon  
  56  6:40  Templar Archives  
  56  6:52  Adept x2  
  56  6:53  Adept  
  62  6:54  Probe x2  
  62  6:56  Assimilator  
  62  6:58  Shield Battery  
  64  7:02  Psionic Storm  
  64  7:04  Shield Battery  
  64  7:06  Probe  
  63  7:21  Shield Battery  
  63  7:22  Shield Battery  
  63  7:26  Probe x2  
  63  7:29  Assimilator  
  65  7:37  High Templar  
  65  7:38  Probe x2  
  65  7:43  Pylon  
  69  7:49  Zealot  
  69  7:50  Zealot, Probe  
  69  7:51  Probe  
  75  7:54  Pylon  
  75  8:03  Probe x2  
  77  8:15  Probe  
  78  8:22  High Templar x3  
  84  8:27  Charge  
  84  8:30  Gateway  
  84  8:32  Gateway  
  84  8:33  Gateway  
  84  8:36  Gateway  
  84  8:46  Gateway  
  84  8:53  Forge  
  84  8:56  Pylon  
  84  8:57  High Templar  
  84  8:58  Pylon  
  84  8:59  High Templar  
  88  9:33  High Templar x2  
  88  9:34  Zealot x3  
  98  9:47  Nexus  
  98  9:48  Pylon  
  98  9:50  Pylon  
  94  10:09  Archon x3  
  84  10:20  High Templar x3  
  84  10:21  Zealot x4  
  74  10:22  Zealot  
  74  10:26  Probe x2  
  74  10:28  Shield Battery x2  
  82  10:30  Shield Battery  
  82  10:31  Photon Cannon  
  82  10:41  Protoss Ground Weapons Level 1  
  82  10:42  High Templar x2  
  83  10:44  Zealot x3  
  83  10:46  Probe x2  
  91  10:58  Probe  
  91  10:59  High Templar  
  91  11:00  Zealot x2  
  98  11:05  Probe  
  98  11:07  Probe x2  
  98  11:08  Gateway  
  98  11:10  Gateway  
  101  11:16  High Templar  
  103  11:19  Probe  
  103  11:21  Archon  
  104  11:28  Assimilator  
  104  11:29  Assimilator, High Templar  
  104  11:30  Zealot x2  
  110  11:34  Archon  
  110  11:35  Zealot  
  110  11:37  Probe  
  110  11:38  Probe x2  
  115  11:52  High Templar  
  115  11:53  Zealot x3  
  115  11:54  High Templar  
  112  12:13  High Templar  
  112  12:14  Robotics Facility, Zealot x2  
  112  12:15  Zealot x3  
  124  12:27  Nexus  
  124  12:34  Pylon  
  124  12:35  Protoss Ground Weapons Level 2  
  124  12:36  High Templar x3  
  130  12:37  Zealot  
  130  12:40  Archon  
  132  12:50  Probe x3  
  135  12:55  Observer  
  135  13:00  Zealot x3, High Templar  
  135  13:02  Probe  
  145  13:05  Probe  
  145  13:07  Probe  
  145  13:08  Forge  
  141  13:17  Archon x3  
  141  13:18  Archon  
  115  13:38  Probe x3  
  115  13:39  High Templar x3  
  115  13:40  Zealot x4, High Templar  
  130  13:49  Probe  
  130  13:50  Probe  
  130  13:51  Warp Prism  
  132  13:57  Probe x2  
  132  13:59  Assimilator  
  132  14:00  Assimilator  
  132  14:01  Probe  
  132  14:02  Probe  
  138  14:09  Probe  
  139  14:18  Zealot  
  139  14:19  Zealot x6, High Templar x3  
  159  14:33  Photon Cannon x2  
  159  14:35  Photon Cannon  
  159  14:36  Pylon  
  159  14:38  Pylon  
  157  14:40  Zealot, High Templar x3  
  147  15:01  Zealot x2, High Templar x2  
  147  15:02  Zealot x3  
Show
View Real Time Build Order
Export as new Build Order

MikePence Protoss - Winner!

Build Orders:  

Get SALT Encoding   

  12  0:01  Probe  
  13  0:13  Probe  
  14  0:19  Pylon  
  14  0:24  Probe  
  15  0:33  Probe  
  15  0:38  Gateway  
  15  0:41  Probe  
  17  0:50  Assimilator  
  17  0:57  Probe  
  18  1:05  Probe  
  19  1:24  Pylon  
  19  1:29  Cybernetics Core  
  19  1:34  Pylon  
  19  1:38  Assimilator  
  19  1:47  Gateway  
  19  1:50  Probe  
  20  2:01  Warp Gate  
  20  2:05  Pylon  
  20  2:09  Stalker  
  20  2:12  Probe  
  22  2:26  Robotics Facility  
  22  2:28  Probe  
  23  2:34  Shield Battery  
  23  2:37  Shield Battery  
  23  2:38  Stalker  
  25  2:52  Stalker  
  27  3:02  Shield Battery  
  27  3:23  Immortal  
  31  3:28  Pylon  
  31  3:42  Pylon  
  33  3:49  Gateway  
  31  4:06  Stalker  
  33  4:10  Sentry  
  33  4:15  Probe  
  36  4:21  Pylon  
  36  4:23  Immortal  
  40  4:37  Zealot  
  40  4:38  Zealot  
  44  4:41  Probe  
  45  4:50  Sentry  
  47  4:53  Probe  
  48  5:18  Nexus  
  48  5:19  Probe  
  49  5:24  Pylon  
  49  5:31  Probe  
  50  5:35  Twilight Council  
  50  5:40  Probe  
  50  5:49  Probe  
  52  6:00  Immortal  
  56  6:05  Sentry  
  56  6:08  Sentry  
  56  6:10  Probe  
  61  6:20  Shield Battery  
  61  6:22  Probe  
  62  6:35  Zealot x2  
  60  6:51  Immortal, Stalker  
  60  6:52  Probe  
  61  6:55  Shield Battery  
  61  6:57  Shield Battery  
  61  7:04  Probe  
  66  7:10  Dark Shrine  
  66  7:19  Probe  
  66  7:20  Probe  
  66  7:21  Assimilator  
  67  7:23  Charge, Assimilator  
  67  7:27  Probe  
  68  7:31  Probe  
  70  7:44  Gateway  
  70  7:49  Probe  
  70  7:50  Gateway  
  71  7:53  Zealot  
  71  7:55  Zealot  
  71  7:57  Probe  
  76  8:01  Probe  
  77  8:06  Pylon  
  77  8:13  Probe  
  77  8:17  Pylon  
  78  8:21  Gateway  
  78  8:25  Probe  
  79  8:43  Nexus  
  79  8:46  Pylon  
  79  8:49  Dark Templar x2  
  83  8:58  Archon  
  83  8:59  Forge  
  83  9:01  Probe  
  84  9:12  Templar Archives  
  84  9:14  Zealot x2  
  88  9:17  Probe  
  88  9:21  Immortal  
  88  9:23  Zealot x2  
  93  9:25  Protoss Ground Weapons Level 1  
  97  9:40  Probe  
  98  9:48  Pylon  
  98  9:50  Probe  
  99  9:54  Psionic Storm  
  99  10:00  High Templar x2  
  99  10:02  Probe  
  104  10:09  Archon  
  104  10:11  Zealot x3  
  104  10:12  Probe  
  111  10:27  Observer  
  112  10:30  Probe  
  112  10:32  Robotics Bay  
  112  10:34  Assimilator  
  113  10:36  Assimilator  
  113  10:38  Probe  
  113  10:42  Pylon  
  114  10:43  Pylon  
  114  10:44  Dark Templar x2  
  114  10:45  Dark Templar  
  114  10:46  Zealot, Probe  
  114  10:48  Probe  
  124  11:10  Colossus  
  124  11:14  Protoss Shields Level 1  
  124  11:19  Extended Thermal Lance  
  124  11:23  High Templar  
  124  11:24  High Templar x3  
  138  11:27  Gateway  
  138  11:28  Gateway  
  138  11:30  Archon x2  
  138  11:39  Probe  
  139  11:40  Forge  
  139  11:44  Pylon  
  139  11:47  Pylon  
  139  11:48  High Templar  
  141  11:57  Protoss Ground Armor Level 1, Pylon  
  141  11:59  Pylon  
  141  12:04  Colossus  
  141  12:10  Robotics Facility  
  141  12:14  Pylon  
  147  12:16  Pylon  
  147  12:20  High Templar  
  149  12:24  Zealot x2  
  149  12:25  Zealot x3  
  159  12:48  Colossus  
  129  12:57  Colossus  
  127  13:09  Zealot x2  
  127  13:10  Zealot x3  
  137  13:22  Archon  
  137  13:34  Colossus  
  137  13:36  Zealot x4  
  137  13:37  Zealot x3  
  157  13:50  Colossus  
  163  14:02  High Templar x4  
  169  14:09  Archon x2  
  171  14:28  Observer  
  172  14:38  Pylon  
  172  14:41  Pylon  
Tags
 
Add a new tag
Caveats
  • Supply blocks, unpowered buildings, or Contaminate may cause inaccurate times.
  • Supply counts are checked every 10 seconds.